Maple Leafs vs Blue Jackets

Created - 2 novembre 2021 at 13:31

Goals
1 2 3 T
Maple Leafs 0 1 1 2
Blue Jackets 0 0 0 0
Shots
1 2 3 T
Maple Leafs 12 10 8 30
Blue Jackets 7 14 8 29

1st period

No Goal

Penalties :
No Penalty

2nd period

1. Maple Leafs , Nikolaj Ehlers 1 (Alex Iafallo 3, Logan Couture 3) at 8:11

Penalties :
Logan Couture (TOR) for Holding (Minor) at 1:06

3rd period

2. Maple Leafs , Derek Ryan 1 (Mattias Janmark 1, Hampus Lindholm 1) at 6:03

Penalties :
Phillip Danault (CLB) for Hooking (Minor) at 14:13

Goalie Stats

Jordan Binnington (TOR), 29 saves from 29 shots - (1,000), W, 3-3-0, 60:00 minutes
Tristan Jarry (CLB), 28 saves from 30 shots - (0,933), L, 1-3-0, 60:00 minutes

Players Stats for Maple Leafs

Player Name              G  A  P  +/- PIM S  H  SB GA TA FO     MP     PP MP  PK MP  
------------------------------------------------------------------------------------
Alex Iafallo             0  1  1   1  0   6  1  1  2  0  1/1    17:42   0:49   0:00 
Alexander Romanov        0  0  0   0  0   0  2  0  0  1  0/0    14:35   0:59   1:00 
Andrei Svechnikov        0  0  0   0  0   5  2  0  0  0  1/2    17:14   1:10   0:27 
Ben Hutton               0  0  0   1  0   0  1  2  0  0  0/0    18:43   0:00   0:00 
Blake Comeau             0  0  0   1  0   0  0  0  0  0  0/0    11:34   0:00   0:31 
Brandon Tanev            0  0  0   0  0   1  1  1  0  0  2/3    16:35   0:00   1:01 
Cam Fowler               0  0  0   1  0   1  2  1  1  1  0/0    25:19   1:00   0:00 
Derek Ryan               1  0  1   1  0   2  1  0  0  0  2/7    11:30   0:00   0:56 
Hampus Lindholm          0  1  1   1  0   2  1  4  0  0  0/0    20:06   0:00   0:59 
Jesper Bratt             0  0  0   0  0   2  3  1  1  1  0/0    13:28   0:49   0:00 
Kaapo Kakko              0  0  0   0  0   0  0  0  0  0  0/0    12:46   0:00   0:00 
Logan Couture            0  1  1   1  2   2  1  3  1  0  5/14   16:42   0:00   0:00 
Mattias Janmark          0  1  1   1  0   1  0  0  2  0  0/1    12:52   0:00   0:48 
Mike Hoffman             0  0  0   0  0   0  2  0  0  0  5/8    13:20   1:10   0:00 
Mikhail Sergachev        0  0  0   1  0   0  2  1  0  1  0/0    26:19   1:00   0:59 
Nikolaj Ehlers           1  0  1   1  0   5  2  0  1  1  1/1    17:52   1:10   0:00 
Ryan Johansen            0  0  0   0  0   3  2  1  0  1  5/12   16:25   0:49   0:15 
Travis Dermott           0  0  0   0  0   0  0  0  0  0  0/0    14:58   0:59   1:00 

Players Stats for Blue Jackets

Player Name              G  A  P  +/- PIM S  H  SB GA TA FO     MP     PP MP  PK MP  
------------------------------------------------------------------------------------
Andreas Athanasiou       0  0  0   0  0   3  0  0  0  0  0/1    12:47   0:51   0:00 
Austin Watson            0  0  0   0  0   3  2  0  0  0  0/0    10:52   0:00   1:08 
Brett Howden             0  0  0   0  0   1  1  0  0  0  3/4     9:45   0:00   0:00 
Connor Murphy            0  0  0   0  0   0  0  0  1  1  0/0    22:35   0:00   0:58 
Dillon Dube              0  0  0   0  0   2  0  1  0  0  0/0    10:21   0:00   0:35 
Erik Cernak              0  0  0   0  0   2  0  0  0  2  0/0    23:53   0:50   1:01 
Frank Vatrano            0  0  0  -1  0   1  2  0  1  0  0/0    16:45   0:51   0:00 
Jacob Larsson            0  0  0  -1  0   0  1  0  0  0  0/0    14:59   0:00   0:00 
Jake Muzzin              0  0  0  -1  0   1  1  0  0  0  0/0    21:10   1:09   0:58 
Joe Pavelski             0  0  0  -1  0   3  2  0  2  0  2/2    19:28   1:08   0:00 
Joonas Donskoi           0  0  0  -1  0   1  1  0  0  0  1/1    19:47   1:08   0:19 
Josh Bailey              0  0  0  -1  0   4  1  0  0  1  0/1    17:02   1:08   0:00 
Matt Duchene             0  0  0  -1  0   4  1  0  1  0  12/20  19:55   0:51   0:52 
Nicolas Hague            0  0  0  -1  0   0  1  0  0  1  0/0    16:09   0:50   0:00 
Phillip Danault          0  0  0  -1  2   0  1  0  0  0  8/15   15:54   0:00   0:00 
Ryan Suter               0  0  0  -1  0   2  0  1  0  1  0/0    21:14   1:09   1:01 
Tanner Pearson           0  0  0   0  0   2  1  0  1  2  0/0    12:29   0:00   0:32 
Vladislav Namestnikov    0  0  0   0  0   0  2  0  0  0  1/5    12:55   0:00   0:32 

3 Stars

1 - Jordan Binnington (TOR)
2 - Nikolaj Ehlers (TOR)
3 - Derek Ryan (TOR)

Power Play

Maple Leafs - 0 on 1 Attempt(s) - 0,00%
Blue Jackets - 0 on 1 Attempt(s) - 0,00%

Penalty Kill

Maple Leafs - 1 on 1 Attempt(s) - 100,00% - Score 0 goal in Penalty Kill
Blue Jackets - 1 on 1 Attempt(s) - 100,00% - Score 0 goal in Penalty Kill

Team Stat

Maple Leafs - Hits : 23 - Faceoff Wins : 22 - Blocked Shots : 15 - Penalty Minutes : 2
Blue Jackets - Hits : 17 - Faceoff Wins : 27 - Blocked Shots : 2 - Penalty Minutes : 2

Official

Referees : Troy Paterson and Brett Roeland
Linesman : Brent Colby and Luke Galvin

Game Notes

No Game Note

Finance

Level 1 -- Attendance: 4556 (75,93%) -- Ticket Income 455 600 $
Level 2 -- Attendance: 5000 (100,00%) -- Ticket Income 300 000 $
Level 3 -- Attendance: 1761 (88,05%) -- Ticket Income 61 635 $
Level 4 -- Attendance: 2745 (68,63%) -- Ticket Income 68 625 $
Luxury Box -- Attendance: 801 (80,10%) -- Ticket Income 160 200 $
Total Attendance: 14863 (82,57%)
Total Ticket Income: 1 046 060 $
Other Income: 512 569 $
Total Income: 1 558 629 $

Maple Leafs

5 vs 5 Forward 
   Center                   Left Wing                Right Wing               Time % Phy DF OF 
 1 Logan Couture            Alex Iafallo             Nikolaj Ehlers           34     0   2  3  
 2 Ryan Johansen            Andrei Svechnikov        Brandon Tanev            30     0   2  3  
 3 Mike Hoffman             Jesper Bratt             Kaapo Kakko              26     0   2  3  
 4 Derek Ryan               Blake Comeau             Mattias Janmark          10     0   4  1  

5 vs 5 Defense 
   Defense                  Defense                                           Time % Phy DF OF 
 1 Mikhail Sergachev        Cam Fowler                                        40     0   3  2  
 2 Ben Hutton               Hampus Lindholm                                   30     0   3  2  
 3 Alexander Romanov        Travis Dermott                                    20     0   4  1  
 4 Cam Fowler               Mikhail Sergachev                                 10     0   5  0  

PowerPlay Forward 
   Center                   Left Wing                Right Wing               Time % Phy DF OF 
 1 Mike Hoffman             Andrei Svechnikov        Nikolaj Ehlers           60     0   0  5  
 2 Ryan Johansen            Alex Iafallo             Jesper Bratt             40     1   2  2  

PowerPlay Defense
   Defense                  Defense                                           Time % Phy DF OF 
 1 Mikhail Sergachev        Cam Fowler                                        60     0   0  5  
 2 Alexander Romanov        Travis Dermott                                    40     0   2  3  

Penalty Kill 4 Players Forward 
   Center                   Wing                     Time % Phy DF OF 
 1 Derek Ryan               Brandon Tanev            60     1   2  2  
 2 Logan Couture            Blake Comeau             40     1   2  2  

Penalty Kill 4 Players Defense
   Defense                  Defense                  Time % Phy DF OF 
 1 Mikhail Sergachev        Hampus Lindholm          60     1   2  2  
 2 Alexander Romanov        Travis Dermott           40     1   2  2  

Penalty Kill - 3 Players Forward 
   Forward                                           Time % Phy DF OF 
 1 Derek Ryan                                        60     1   2  2  
 2 Brandon Tanev                                     40     1   2  2  

Penalty Kill - 3 Players Defense
   Defense                  Defense                  Time % Phy DF OF 
 1 Ben Hutton               Mikhail Sergachev        60     1   2  2  
 2 Cam Fowler               Alexander Romanov        40     1   2  2  

4 vs 4 Forward 
   Center                   Wing                     Time % Phy DF OF 
 1 Ryan Johansen            Alex Iafallo             60     1   2  2  
 2 Derek Ryan               Andrei Svechnikov        40     1   2  2  

4 vs 4 Defense
   Defense                  Defense                  Time % Phy DF OF 
 1 Mikhail Sergachev        Cam Fowler               60     1   2  2  
 2 Alexander Romanov        Travis Dermott           40     1   2  2  

Last Minutes Offensive
   Center                   Left Wing                Right Wing               Defense                  Defense                  
   Logan Couture            Alex Iafallo             Nikolaj Ehlers           Hampus Lindholm          Ben Hutton               

Last Minutes Defensive
   Center                   Left Wing                Right Wing               Defense                  Defense                  
   Logan Couture            Alex Iafallo             Nikolaj Ehlers           Hampus Lindholm          Ben Hutton               

Goaltenders
Starting : Jordan Binnington        
Backup : Anders Nilsson           

Extra Forwards
Normal : Mike Hoffman, Jesper Bratt, Mattias Janmark - PP : Mike Hoffman, Jesper Bratt - PK : Mattias Janmark
Extra Defensemen
Normal : Travis Dermott, Hampus Lindholm, Alexander Romanov - PP : Alexander Romanov - PK : Travis Dermott, Alexander Romanov
Penalty Shots
Jesper Bratt, Alex Iafallo, Nikolaj Ehlers, Andrei Svechnikov, Logan Couture
Custom OT Lines Forwards
Logan Couture, Alex Iafallo, Nikolaj Ehlers, Andrei Svechnikov, Brandon Tanev, Ryan Johansen, Mike Hoffman, Jesper Bratt, Mattias Janmark, Blake Comeau
Custom OT Lines Defensemen
Hampus Lindholm, Cam Fowler, Alexander Romanov, Travis Dermott, Mikhail Sergachev

Scratches
None

Blue Jackets

5 vs 5 Forward 
   Center                   Left Wing                Right Wing               Time % Phy DF OF 
 1 Matt Duchene             Joonas Donskoi           Joe Pavelski             37     1   0  4  
 2 Phillip Danault          Josh Bailey              Frank Vatrano            30     1   0  4  
 3 Vladislav Namestnikov    Tanner Pearson           Andreas Athanasiou       20     2   1  2  
 4 Brett Howden             Austin Watson            Dillon Dube              13     2   2  1  

5 vs 5 Defense 
   Defense                  Defense                                           Time % Phy DF OF 
 1 Ryan Suter               Jake Muzzin                                       36     1   2  2  
 2 Connor Murphy            Erik Cernak                                       32     2   1  2  
 3 Nicolas Hague            Jacob Larsson                                     22     2   2  1  
 4 Erik Cernak              Connor Murphy                                     10     2   2  1  

PowerPlay Forward 
   Center                   Left Wing                Right Wing               Time % Phy DF OF 
 1 Joe Pavelski             Joonas Donskoi           Josh Bailey              50     1   0  4  
 2 Matt Duchene             Frank Vatrano            Andreas Athanasiou       50     1   0  4  

PowerPlay Defense
   Defense                  Defense                                           Time % Phy DF OF 
 1 Ryan Suter               Jake Muzzin                                       50     1   2  2  
 2 Erik Cernak              Nicolas Hague                                     50     1   2  2  

Penalty Kill 4 Players Forward 
   Center                   Wing                     Time % Phy DF OF 
 1 Phillip Danault          Austin Watson            50     0   0  0  
 2 Vladislav Namestnikov    Tanner Pearson           50     0   0  0  

Penalty Kill 4 Players Defense
   Defense                  Defense                  Time % Phy DF OF 
 1 Ryan Suter               Erik Cernak              50     0   0  0  
 2 Connor Murphy            Jake Muzzin              50     0   0  0  

Penalty Kill - 3 Players Forward 
   Forward                                           Time % Phy DF OF 
 1 Phillip Danault                                   50     2   3  0  
 2 Vladislav Namestnikov                             50     2   3  0  

Penalty Kill - 3 Players Defense
   Defense                  Defense                  Time % Phy DF OF 
 1 Connor Murphy            Jake Muzzin              50     2   3  0  
 2 Ryan Suter               Nicolas Hague            50     2   3  0  

4 vs 4 Forward 
   Center                   Wing                     Time % Phy DF OF 
 1 Joe Pavelski             Tanner Pearson           50     1   2  2  
 2 Dillon Dube              Vladislav Namestnikov    50     2   2  1  

4 vs 4 Defense
   Defense                  Defense                  Time % Phy DF OF 
 1 Connor Murphy            Jacob Larsson            58     2   2  1  
 2 Ryan Suter               Jake Muzzin              42     2   2  1  

Last Minutes Offensive
   Center                   Left Wing                Right Wing               Defense                  Defense                  
   Joe Pavelski             Matt Duchene             Frank Vatrano            Jake Muzzin              Nicolas Hague            

Last Minutes Defensive
   Center                   Left Wing                Right Wing               Defense                  Defense                  
   Phillip Danault          Austin Watson            Vladislav Namestnikov    Ryan Suter               Connor Murphy            

Goaltenders
Starting : Tristan Jarry            
Backup : Alexandar Georgiev       

Extra Forwards
Normal : Brett Howden, Matt Duchene, Vladislav Namestnikov - PP : Phillip Danault, Dillon Dube - PK : Matt Duchene
Extra Defensemen
Normal : Erik Cernak, Jacob Larsson, Nicolas Hague - PP : Jacob Larsson - PK : Connor Murphy, Ryan Suter
Penalty Shots
Andreas Athanasiou, Jake Muzzin, Joe Pavelski, Matt Duchene, Phillip Danault
Custom OT Lines Forwards
Joe Pavelski, Josh Bailey, Joonas Donskoi, Phillip Danault, Brett Howden, Andreas Athanasiou, Tanner Pearson, Matt Duchene, Frank Vatrano, Dillon Dube
Custom OT Lines Defensemen
Ryan Suter, Jake Muzzin, Connor Murphy, Erik Cernak, Nicolas Hague

Scratches
Brandon Saad (Healthy), Alex Belzile (Healthy), Logan Thompson (Healthy)

% Time on Ice - Maple Leafs

Lines # - Real PCT - Wanted PCT - Time Play
Normal Forward
1 - 30% - 34% - 16:43
2 - 30% - 30% - 16:59
3 - 21% - 26% - 11:46
4 - 19% - 10% - 10:34
Normal Defense
1 - 36% - 40% - 20:18
2 - 34% - 30% - 19:06
3 - 22% - 20% - 12:13
4 - 8% - 10% - 4:25
PP Forward
1 - 59% - 60% - 1:10
2 - 41% - 40% - 0:49
PP Defense
1 - 50% - 60% - 1:00
2 - 50% - 40% - 0:59
PK Forward
1 - 74% - 60% - 1:28
2 - 26% - 40% - 0:31
PK Defense
1 - 50% - 60% - 0:59
2 - 50% - 40% - 1:00
PK3 Forward
1 - 0% - 60%
2 - 0% - 40%
PK3 Defense
1 - 0% - 60%
2 - 0% - 40%
44 Forward
1 - 0% - 60%
2 - 0% - 40%
44 Defense
1 - 0% - 60%
2 - 0% - 40%
Last Minute Offensive  - 0:00
Last Minute Defensive  - 0:00
Total
Forward - 60:00
Defense - 60:00

% Time on Ice - Blue Jackets

Lines # - Real PCT - Wanted PCT - Time Play
Normal Forward
1 - 33% - 37% - 18:46
2 - 28% - 30% - 15:55
3 - 21% - 20% - 11:56
4 - 17% - 13% - 9:25
Normal Defense
1 - 34% - 36% - 19:04
2 - 33% - 32% - 18:33
3 - 25% - 22% - 14:07
4 - 8% - 10% - 4:18
PP Forward
1 - 57% - 50% - 1:08
2 - 43% - 50% - 0:51
PP Defense
1 - 58% - 50% - 1:09
2 - 42% - 50% - 0:50
PK Forward
1 - 73% - 50% - 1:27
2 - 27% - 50% - 0:32
PK Defense
1 - 51% - 50% - 1:01
2 - 49% - 50% - 0:58
PK3 Forward
1 - 0% - 50%
2 - 0% - 50%
PK3 Defense
1 - 0% - 50%
2 - 0% - 50%
44 Forward
1 - 0% - 50%
2 - 0% - 50%
44 Defense
1 - 0% - 58%
2 - 0% - 42%
Last Minute Offensive  - 0:00
Last Minute Defensive  - 0:00
Total
Forward - 60:00
Defense - 60:00

Play-by-Play

1st period


0:01 of 1st period - Alex Iafallo wins face-off versus Matt Duchene in neutral zone.
0:10 of 1st period - Snap shot by Alex Iafallo.
0:10 of 1st period - Shot Misses the Net.
0:26 of 1st period - Mikhail Sergachev is hit by Frank Vatrano and loses puck.
0:37 of 1st period - Hampus Lindholm is hit by Phillip Danault and loses puck.
0:52 of 1st period - Frank Vatrano is hit by Derek Ryan and loses puck.
0:57 of 1st period - Backhand shot by Mattias Janmark.
0:57 of 1st period - Stopped by Tristan Jarry without a rebound.
0:58 of 1st period - Derek Ryan wins face-off versus Andreas Athanasiou in Blue Jackets zone.
1:25 of 1st period - Blake Comeau is hit by Austin Watson and loses puck.
2:16 of 1st period - Derek Ryan is hit by Nicolas Hague and loses puck.
2:21 of 1st period - Snap shot by Frank Vatrano.
2:21 of 1st period - Shot Misses the Net.
2:52 of 1st period - Joe Pavelski is hit by Logan Couture.
3:08 of 1st period - Backhand shot by Andrei Svechnikov.
3:08 of 1st period - Shot Misses the Net.
3:28 of 1st period - Wrist shot by Phillip Danault.
3:28 of 1st period - Shot Misses the Net.
3:44 of 1st period - Connor Murphy is hit by Hampus Lindholm and loses puck.
5:18 of 1st period - Snap shot by Frank Vatrano.
5:18 of 1st period - Stopped by Jordan Binnington with a rebound.
5:20 of 1st period - Snap shot by Phillip Danault.
5:20 of 1st period - Shot Blocked by Logan Couture.
5:22 of 1st period - Slapshot by Ryan Suter.
5:22 of 1st period - Shot Blocked by Logan Couture.
5:24 of 1st period - Slapshot by Jake Muzzin.
5:24 of 1st period - Shot Misses the Net.
6:35 of 1st period - Logan Couture is hit by Brett Howden and loses puck.
6:48 of 1st period - Snap shot by Dillon Dube.
6:48 of 1st period - Shot Misses the Net.
6:54 of 1st period - Nicolas Hague is hit by Mikhail Sergachev and loses puck.
6:59 of 1st period - Slapshot by Nikolaj Ehlers.
6:59 of 1st period - Stopped by Tristan Jarry without a rebound.
7:00 of 1st period - Brandon Tanev wins face-off versus Matt Duchene in Blue Jackets zone.
7:01 of 1st period - Wrist shot by Andrei Svechnikov.
7:01 of 1st period - Stopped by Tristan Jarry with a rebound.
7:03 of 1st period - Slapshot by Ben Hutton.
7:03 of 1st period - Shot Blocked by Ryan Suter.
7:05 of 1st period - Slapshot by Ben Hutton.
7:05 of 1st period - Shot Misses the Net.
7:07 of 1st period - Slapshot by Ben Hutton.
7:07 of 1st period - Deflect By Ryan Johansen.
7:07 of 1st period - Stopped by Tristan Jarry without a rebound.
7:08 of 1st period - Matt Duchene wins face-off versus Ryan Johansen in Blue Jackets zone.
7:46 of 1st period - Slapshot by Andrei Svechnikov.
7:46 of 1st period - Stopped by Tristan Jarry with a rebound.
7:48 of 1st period - Slapshot by Brandon Tanev.
7:48 of 1st period - Shot Misses the Net.
7:50 of 1st period - Snap shot by Andrei Svechnikov.
7:50 of 1st period - Shot Misses the Net.
7:52 of 1st period - Snap shot by Brandon Tanev.
7:52 of 1st period - Shot Misses the Net.
8:04 of 1st period - Wrist shot by Ryan Johansen.
8:04 of 1st period - Shot Misses the Net.
8:08 of 1st period - Slapshot by Ryan Johansen.
8:08 of 1st period - Stopped by Tristan Jarry with a rebound.
8:10 of 1st period - Snap shot by Ryan Johansen.
8:10 of 1st period - Deflect By Andrei Svechnikov.
8:10 of 1st period - Shot Misses the Net.
8:10 of 1st period - Puck is out of play.
8:11 of 1st period - Phillip Danault wins face-off versus Mike Hoffman in Blue Jackets zone.
8:56 of 1st period - Off-side.
8:57 of 1st period - Brett Howden wins face-off versus Derek Ryan in neutral zone.
9:00 of 1st period - Slapshot by Dillon Dube.
9:00 of 1st period - Deflect By Brett Howden.
9:00 of 1st period - Shot Misses the Net.
9:00 of 1st period - Puck is out of play.
9:01 of 1st period - Phillip Danault wins face-off versus Derek Ryan in Maple Leafs zone.
9:32 of 1st period - Wrist shot by Joe Pavelski.
9:32 of 1st period - Shot Misses the Net.
9:38 of 1st period - Erik Cernak is hit by Alexander Romanov and loses puck.
9:59 of 1st period - Wrist shot by Derek Ryan.
9:59 of 1st period - Shot Misses the Net.
10:13 of 1st period - Wrist shot by Derek Ryan.
10:13 of 1st period - Deflect By Joe Pavelski.
10:13 of 1st period - Shot Misses the Net.
10:13 of 1st period - Puck is out of play.
10:14 of 1st period - Logan Couture wins face-off versus Phillip Danault in Blue Jackets zone.
10:15 of 1st period - Wrist shot by Alex Iafallo.
10:15 of 1st period - Stopped by Tristan Jarry without a rebound.
10:16 of 1st period - Logan Couture wins face-off versus Phillip Danault in Blue Jackets zone.
10:45 of 1st period - Wrist shot by Andreas Athanasiou.
10:45 of 1st period - Shot Blocked by Jesper Bratt.
11:41 of 1st period - Ben Hutton is hit by Frank Vatrano and loses puck.
12:03 of 1st period - Slapshot by Andreas Athanasiou.
12:03 of 1st period - Stopped by Jordan Binnington with a rebound.
12:05 of 1st period - Wrist shot by Vladislav Namestnikov.
12:05 of 1st period - Shot Misses the Net.
12:07 of 1st period - Slapshot by Erik Cernak.
12:07 of 1st period - Shot Misses the Net.
12:09 of 1st period - Snap shot by Tanner Pearson.
12:09 of 1st period - Shot Misses the Net.
12:11 of 1st period - Wrist shot by Andreas Athanasiou.
12:11 of 1st period - Shot Misses the Net.
12:25 of 1st period - Brett Howden is hit by Alexander Romanov and loses puck.
12:45 of 1st period - Wrist shot by Nikolaj Ehlers.
12:45 of 1st period - Shot Misses the Net.
12:49 of 1st period - Slapshot by Logan Couture.
12:49 of 1st period - Stopped by Tristan Jarry with a rebound.
12:51 of 1st period - Wrist shot by Logan Couture.
12:51 of 1st period - Deflect By Alex Iafallo.
12:51 of 1st period - Shot Misses the Net.
12:51 of 1st period - Puck is out of play.
12:52 of 1st period - Mike Hoffman wins face-off versus Phillip Danault in Blue Jackets zone.
13:41 of 1st period - Snap shot by Andreas Athanasiou.
13:41 of 1st period - Shot Blocked by Cam Fowler.
14:08 of 1st period - Snap shot by Vladislav Namestnikov.
14:08 of 1st period - Shot Misses the Net.
14:10 of 1st period - Wrist shot by Andreas Athanasiou.
14:10 of 1st period - Stopped by Jordan Binnington with a rebound.
14:12 of 1st period - Slapshot by Erik Cernak.
14:12 of 1st period - Deflect By Tanner Pearson.
14:12 of 1st period - Stopped by Jordan Binnington without a rebound.
14:13 of 1st period - Logan Couture wins face-off versus Phillip Danault in Maple Leafs zone.
14:44 of 1st period - Snap shot by Joe Pavelski.
14:44 of 1st period - Shot Misses the Net.
14:46 of 1st period - Wrist shot by Joonas Donskoi.
14:46 of 1st period - Shot Misses the Net.
14:48 of 1st period - Snap shot by Joe Pavelski.
14:48 of 1st period - Shot Blocked by Hampus Lindholm.
15:06 of 1st period - Snap shot by Andrei Svechnikov.
15:06 of 1st period - Stopped by Tristan Jarry with a rebound.
17:10 of 1st period - Snap shot by Austin Watson.
17:10 of 1st period - Stopped by Jordan Binnington without a rebound.
17:11 of 1st period - Brett Howden wins face-off versus Derek Ryan in Maple Leafs zone.
17:12 of 1st period - Snap shot by Dillon Dube.
17:12 of 1st period - Shot Misses the Net.
17:14 of 1st period - Snap shot by Austin Watson.
17:14 of 1st period - Stopped by Jordan Binnington without a rebound.
17:15 of 1st period - Nikolaj Ehlers wins face-off versus Matt Duchene in Maple Leafs zone.
17:20 of 1st period - Joonas Donskoi is hit by Nikolaj Ehlers and loses puck.
18:48 of 1st period - Snap shot by Nikolaj Ehlers.
18:48 of 1st period - Deflect By Jacob Larsson.
18:48 of 1st period - Stopped by Tristan Jarry with a rebound.
18:52 of 1st period - Snap shot by Alex Iafallo.
18:52 of 1st period - Stopped by Tristan Jarry without a rebound.
18:53 of 1st period - Phillip Danault wins face-off versus Logan Couture in Blue Jackets zone.
18:58 of 1st period - Alex Iafallo is hit by Josh Bailey and loses puck.
19:03 of 1st period - Snap shot by Josh Bailey.
19:03 of 1st period - Shot Misses the Net.
19:05 of 1st period - Slapshot by Jake Muzzin.
19:05 of 1st period - Deflect By Logan Couture.
19:05 of 1st period - Stopped by Jordan Binnington with a rebound.
19:19 of 1st period - Snap shot by Alex Iafallo.
19:19 of 1st period - Stopped by Tristan Jarry without a rebound.
19:20 of 1st period - Matt Duchene wins face-off versus Ryan Johansen in Blue Jackets zone.
19:29 of 1st period - Wrist shot by Joonas Donskoi.
19:29 of 1st period - Shot Blocked by Brandon Tanev.
19:31 of 1st period - Slapshot by Connor Murphy.
19:31 of 1st period - Shot Misses the Net.
19:45 of 1st period - Snap shot by Mattias Janmark.
19:45 of 1st period - Shot Misses the Net.
Goals for this period are 0 for Maple Leafs vs 0 for Blue Jackets.
Shots for this period are 12 for Maple Leafs vs 7 for Blue Jackets.

2nd period


0:01 of 2nd period - Logan Couture wins face-off versus Matt Duchene in neutral zone.
0:08 of 2nd period - Snap shot by Alex Iafallo.
0:08 of 2nd period - Shot Misses the Net.
0:10 of 2nd period - Snap shot by Nikolaj Ehlers.
0:10 of 2nd period - Stopped by Tristan Jarry with a rebound.
0:12 of 2nd period - Snap shot by Cam Fowler.
0:12 of 2nd period - Deflect By Ryan Suter.
0:12 of 2nd period - Stopped by Tristan Jarry with a rebound.
0:26 of 2nd period - Joonas Donskoi is hit by Brandon Tanev and loses puck.
0:50 of 2nd period - Snap shot by Josh Bailey.
0:50 of 2nd period - Shot Misses the Net.
0:52 of 2nd period - Snap shot by Josh Bailey.
0:52 of 2nd period - Stopped by Jordan Binnington without a rebound.
0:53 of 2nd period - Phillip Danault wins face-off versus Logan Couture in Maple Leafs zone.
1:04 of 2nd period - Wrist shot by Frank Vatrano.
1:04 of 2nd period - Shot Blocked by Ben Hutton.
1:06 of 2nd period - Minor Penalty to Logan Couture for Holding.
1:07 of 2nd period - Joe Pavelski wins face-off versus Brandon Tanev in Maple Leafs zone.
1:12 of 2nd period - Snap shot by Joe Pavelski.
1:12 of 2nd period - Shot Blocked by Hampus Lindholm.
1:14 of 2nd period - Snap shot by Josh Bailey.
1:14 of 2nd period - Shot Misses the Net.
1:16 of 2nd period - Snap shot by Joonas Donskoi.
1:16 of 2nd period - Shot Misses the Net.
1:18 of 2nd period - Snap shot by Joonas Donskoi.
1:18 of 2nd period - Stopped by Jordan Binnington with a rebound.
1:20 of 2nd period - Snap shot by Joe Pavelski.
1:20 of 2nd period - Stopped by Jordan Binnington with a rebound.
1:22 of 2nd period - Backhand shot by Joe Pavelski.
1:22 of 2nd period - Shot Hit the Post.
3:06 of 2nd period - Penalty to Logan Couture is over, Logan Couture is back on ice.
3:33 of 2nd period - Vladislav Namestnikov is hit by Alex Iafallo and loses puck.
4:02 of 2nd period - Brett Howden is hit by Mike Hoffman and loses puck.
4:41 of 2nd period - Off-side.
4:42 of 2nd period - Ryan Johansen wins face-off versus Phillip Danault in neutral zone.
5:04 of 2nd period - Wrist shot by Andrei Svechnikov.
5:04 of 2nd period - Stopped by Tristan Jarry without a rebound.
5:05 of 2nd period - Matt Duchene wins face-off versus Logan Couture in Blue Jackets zone.
5:42 of 2nd period - Erik Cernak is hit by Jesper Bratt.
5:49 of 2nd period - Icing by Hampus Lindholm.
5:50 of 2nd period - Mike Hoffman wins face-off versus Vladislav Namestnikov in Maple Leafs zone.
5:50 of 2nd period - Mike Hoffman is hit by Vladislav Namestnikov.
6:00 of 2nd period - Wrist shot by Andreas Athanasiou.
6:00 of 2nd period - Stopped by Jordan Binnington with a rebound.
6:02 of 2nd period - Slapshot by Ryan Suter.
6:02 of 2nd period - Stopped by Jordan Binnington without a rebound.
6:03 of 2nd period - Joe Pavelski wins face-off versus Ryan Johansen in Maple Leafs zone.
6:21 of 2nd period - Icing by Ryan Johansen.
6:22 of 2nd period - Brandon Tanev wins face-off versus Josh Bailey in Maple Leafs zone.
6:49 of 2nd period - Nikolaj Ehlers is hit by Joe Pavelski and loses puck.
7:30 of 2nd period - Wrist shot by Dillon Dube.
7:30 of 2nd period - Stopped by Jordan Binnington without a rebound.
7:31 of 2nd period - Brett Howden wins face-off versus Derek Ryan in Maple Leafs zone.
7:44 of 2nd period - Snap shot by Dillon Dube.
7:44 of 2nd period - Stopped by Jordan Binnington with a rebound.
7:59 of 2nd period - Icing by Derek Ryan.
8:00 of 2nd period - Matt Duchene wins face-off versus Mattias Janmark in Maple Leafs zone.
8:01 of 2nd period - Snap shot by Joe Pavelski.
8:01 of 2nd period - Deflect By Matt Duchene.
8:01 of 2nd period - Stopped by Jordan Binnington without a rebound.
8:02 of 2nd period - Matt Duchene wins face-off versus Logan Couture in Maple Leafs zone.
8:11 of 2nd period - Snap shot by Nikolaj Ehlers.
8:11 of 2nd period - Goal by Nikolaj Ehlers - Maple Leafs : 1 - Blue Jackets : 0.
8:12 of 2nd period - Matt Duchene wins face-off versus Logan Couture in neutral zone.
8:38 of 2nd period - Erik Cernak is hit by Andrei Svechnikov and loses puck.
9:01 of 2nd period - Wrist shot by Tanner Pearson.
9:01 of 2nd period - Shot Misses the Net.
9:03 of 2nd period - Wrist shot by Tanner Pearson.
9:03 of 2nd period - Stopped by Jordan Binnington without a rebound.
9:04 of 2nd period - Mike Hoffman wins face-off versus Vladislav Namestnikov in Maple Leafs zone.
10:02 of 2nd period - Wrist shot by Nikolaj Ehlers.
10:02 of 2nd period - Stopped by Tristan Jarry with a rebound.
10:04 of 2nd period - Slapshot by Logan Couture.
10:04 of 2nd period - Shot Blocked by Dillon Dube.
10:42 of 2nd period - Snap shot by Alex Iafallo.
10:42 of 2nd period - Stopped by Tristan Jarry without a rebound.
10:43 of 2nd period - Matt Duchene wins face-off versus Ryan Johansen in Blue Jackets zone.
10:56 of 2nd period - Wrist shot by Joe Pavelski.
10:56 of 2nd period - Shot Misses the Net.
10:58 of 2nd period - Backhand shot by Connor Murphy.
10:58 of 2nd period - Shot Blocked by Hampus Lindholm.
11:10 of 2nd period - Icing by Erik Cernak.
11:11 of 2nd period - Phillip Danault wins face-off versus Mike Hoffman in Blue Jackets zone.
11:19 of 2nd period - Off-side.
11:20 of 2nd period - Matt Duchene wins face-off versus Andrei Svechnikov in neutral zone.
11:29 of 2nd period - Slapshot by Matt Duchene.
11:29 of 2nd period - Shot Misses the Net.
11:35 of 2nd period - Slapshot by Joe Pavelski.
11:35 of 2nd period - Stopped by Jordan Binnington with a rebound.
12:34 of 2nd period - Brett Howden is hit by Ben Hutton and loses puck.
13:33 of 2nd period - Slapshot by Tanner Pearson.
13:33 of 2nd period - Shot Misses the Net.
13:35 of 2nd period - Slapshot by Erik Cernak.
13:35 of 2nd period - Stopped by Jordan Binnington without a rebound.
13:36 of 2nd period - Ryan Johansen wins face-off versus Vladislav Namestnikov in Maple Leafs zone.
14:12 of 2nd period - Snap shot by Alex Iafallo.
14:12 of 2nd period - Stopped by Tristan Jarry with a rebound.
15:52 of 2nd period - Blake Comeau is hit by Jacob Larsson.
16:10 of 2nd period - Snap shot by Jesper Bratt.
16:10 of 2nd period - Stopped by Tristan Jarry with a rebound.
16:12 of 2nd period - Slapshot by Hampus Lindholm.
16:12 of 2nd period - Deflect By Jesper Bratt.
16:12 of 2nd period - Stopped by Tristan Jarry with a rebound.
16:14 of 2nd period - Backhand shot by Hampus Lindholm.
16:14 of 2nd period - Stopped by Tristan Jarry with a rebound.
17:10 of 2nd period - Snap shot by Tanner Pearson.
17:10 of 2nd period - Shot Misses the Net.
17:12 of 2nd period - Snap shot by Tanner Pearson.
17:12 of 2nd period - Deflect By Andreas Athanasiou.
17:12 of 2nd period - Shot Misses the Net.
17:12 of 2nd period - Puck is out of play.
17:13 of 2nd period - Derek Ryan wins face-off versus Vladislav Namestnikov in Maple Leafs zone.
17:38 of 2nd period - Brandon Tanev is hit by Joe Pavelski and loses puck.
18:09 of 2nd period - Icing by Logan Couture.
18:10 of 2nd period - Phillip Danault wins face-off versus Logan Couture in Maple Leafs zone.
18:13 of 2nd period - Wrist shot by Josh Bailey.
18:13 of 2nd period - Stopped by Jordan Binnington without a rebound.
18:14 of 2nd period - Logan Couture wins face-off versus Phillip Danault in Maple Leafs zone.
18:40 of 2nd period - Snap shot by Josh Bailey.
18:40 of 2nd period - Stopped by Jordan Binnington without a rebound.
18:41 of 2nd period - Ryan Johansen wins face-off versus Matt Duchene in Maple Leafs zone.
18:41 of 2nd period - Ryan Johansen is hit by Joonas Donskoi.
19:07 of 2nd period - Connor Murphy is hit by Mikhail Sergachev and loses puck.
19:16 of 2nd period - Wrist shot by Jesper Bratt.
19:16 of 2nd period - Shot Misses the Net.
19:26 of 2nd period - Snap shot by Josh Bailey.
19:26 of 2nd period - Shot Misses the Net.
19:55 of 2nd period - Wrist shot by Austin Watson.
19:55 of 2nd period - Stopped by Jordan Binnington with a rebound.
Goals for this period are 1 for Maple Leafs vs 0 for Blue Jackets.
Shots for this period are 10 for Maple Leafs vs 14 for Blue Jackets.

3rd period


0:01 of 3rd period - Andrei Svechnikov wins face-off versus Matt Duchene in neutral zone.
0:26 of 3rd period - Ryan Suter is hit by Jesper Bratt.
1:13 of 3rd period - Wrist shot by Logan Couture.
1:13 of 3rd period - Stopped by Tristan Jarry without a rebound.
1:14 of 3rd period - Phillip Danault wins face-off versus Ryan Johansen in Blue Jackets zone.
1:27 of 3rd period - Wrist shot by Ryan Johansen.
1:27 of 3rd period - Shot Misses the Net.
2:42 of 3rd period - Josh Bailey is hit by Cam Fowler and loses puck.
2:51 of 3rd period - Wrist shot by Josh Bailey.
2:51 of 3rd period - Stopped by Jordan Binnington with a rebound.
3:15 of 3rd period - Slapshot by Matt Duchene.
3:15 of 3rd period - Stopped by Jordan Binnington with a rebound.
3:27 of 3rd period - Backhand shot by Brett Howden.
3:27 of 3rd period - Stopped by Jordan Binnington with a rebound.
4:07 of 3rd period - Joonas Donskoi is hit by Cam Fowler and loses puck.
5:09 of 3rd period - Brandon Tanev is hit by Austin Watson and loses puck.
5:22 of 3rd period - Snap shot by Matt Duchene.
5:22 of 3rd period - Shot Misses the Net.
5:24 of 3rd period - Wrist shot by Joonas Donskoi.
5:24 of 3rd period - Shot Blocked by Ben Hutton.
5:33 of 3rd period - Icing by Ben Hutton.
5:34 of 3rd period - Vladislav Namestnikov wins face-off versus Derek Ryan in Maple Leafs zone.
5:47 of 3rd period - Snap shot by Derek Ryan.
5:47 of 3rd period - Stopped by Tristan Jarry with a rebound.
5:49 of 3rd period - Wrist shot by Hampus Lindholm.
5:49 of 3rd period - Stopped by Tristan Jarry with a rebound.
6:01 of 3rd period - Snap shot by Mattias Janmark.
6:01 of 3rd period - Shot Misses the Net.
6:03 of 3rd period - Snap shot by Derek Ryan.
6:03 of 3rd period - Goal by Derek Ryan - Maple Leafs : 2 - Blue Jackets : 0.
6:04 of 3rd period - Matt Duchene wins face-off versus Logan Couture in neutral zone.
6:11 of 3rd period - Snap shot by Joe Pavelski.
6:11 of 3rd period - Stopped by Jordan Binnington without a rebound.
6:12 of 3rd period - Matt Duchene wins face-off versus Logan Couture in Maple Leafs zone.
6:21 of 3rd period - Wrist shot by Matt Duchene.
6:21 of 3rd period - Shot Blocked by Logan Couture.
6:29 of 3rd period - Snap shot by Alex Iafallo.
6:29 of 3rd period - Stopped by Tristan Jarry without a rebound.
6:30 of 3rd period - Phillip Danault wins face-off versus Ryan Johansen in Blue Jackets zone.
7:19 of 3rd period - Snap shot by Matt Duchene.
7:19 of 3rd period - Stopped by Jordan Binnington with a rebound.
7:24 of 3rd period - Off-side.
7:25 of 3rd period - Ryan Johansen wins face-off versus Matt Duchene in neutral zone.
7:30 of 3rd period - Snap shot by Andrei Svechnikov.
7:30 of 3rd period - Shot Misses the Net.
8:02 of 3rd period - Slapshot by Ryan Johansen.
8:02 of 3rd period - Stopped by Tristan Jarry without a rebound.
8:03 of 3rd period - Mike Hoffman wins face-off versus Phillip Danault in Blue Jackets zone.
8:28 of 3rd period - Erik Cernak is hit by Nikolaj Ehlers and loses puck.
9:34 of 3rd period - Kaapo Kakko is hit by Matt Duchene and loses puck.
10:40 of 3rd period - Slapshot by Brandon Tanev.
10:40 of 3rd period - Deflect By Erik Cernak.
10:40 of 3rd period - Stopped by Tristan Jarry without a rebound.
10:41 of 3rd period - Joonas Donskoi wins face-off versus Logan Couture in Blue Jackets zone.
10:46 of 3rd period - Slapshot by Matt Duchene.
10:46 of 3rd period - Stopped by Jordan Binnington with a rebound.
10:48 of 3rd period - Backhand shot by Erik Cernak.
10:48 of 3rd period - Deflect By Alex Iafallo.
10:48 of 3rd period - Stopped by Jordan Binnington with a rebound.
10:54 of 3rd period - Snap shot by Matt Duchene.
10:54 of 3rd period - Deflect By Joe Pavelski.
10:54 of 3rd period - Shot Blocked by Mikhail Sergachev.
10:54 of 3rd period - Puck is out of play.
10:55 of 3rd period - Matt Duchene wins face-off versus Mike Hoffman in Maple Leafs zone.
11:21 of 3rd period - Alex Iafallo is hit by Tanner Pearson and loses puck.
12:11 of 3rd period - Snap shot by Andrei Svechnikov.
12:11 of 3rd period - Stopped by Tristan Jarry without a rebound.
12:12 of 3rd period - Matt Duchene wins face-off versus Ryan Johansen in Blue Jackets zone.
12:37 of 3rd period - Alex Iafallo is hit by Jake Muzzin and loses puck.
13:45 of 3rd period - Wrist shot by Matt Duchene.
13:45 of 3rd period - Shot Blocked by Hampus Lindholm.
13:47 of 3rd period - Wrist shot by Joe Pavelski.
13:47 of 3rd period - Shot Misses the Net.
13:49 of 3rd period - Slapshot by Ryan Suter.
13:49 of 3rd period - Stopped by Jordan Binnington with a rebound.
14:13 of 3rd period - Minor Penalty to Phillip Danault for Hooking.
14:14 of 3rd period - Mike Hoffman wins face-off versus Matt Duchene in Blue Jackets zone.
14:40 of 3rd period - Erik Cernak is hit by Jesper Bratt and loses puck.
14:51 of 3rd period - Slapshot by Erik Cernak.
14:51 of 3rd period - Shot Blocked by Alex Iafallo.
15:36 of 3rd period - Joonas Donskoi is hit by Mike Hoffman and loses puck.
16:06 of 3rd period - Austin Watson is hit by Andrei Svechnikov.
16:13 of 3rd period - Penalty to Phillip Danault is over, Phillip Danault is back on ice.
18:24 of 3rd period - Snap shot by Dillon Dube.
18:24 of 3rd period - Deflect By Austin Watson.
18:24 of 3rd period - Shot Blocked by Ryan Johansen.
18:24 of 3rd period - Puck is out of play.
18:25 of 3rd period - Ryan Johansen wins face-off versus Brett Howden in Maple Leafs zone.
18:30 of 3rd period - Austin Watson is hit by Ryan Johansen and loses puck.
18:41 of 3rd period - Logan Couture is hit by Vladislav Namestnikov and loses puck.
19:00 of 3rd period - Connor Murphy is hit by Ryan Johansen and loses puck.
Goals for this period are 1 for Maple Leafs vs 0 for Blue Jackets.
Shots for this period are 8 for Maple Leafs vs 8 for Blue Jackets.